 Dungeon Crawl Stone Soup version 0.18.1-6-gd335043 (webtiles) character file.

28 jacquesderrida the Poker (level 3, 11/27 HPs)
             Began as a Demonspawn Skald on May 15, 2016.
             Quit the game on level 2 of the Dungeon.
             The game lasted 00:00:45 (731 turns).

jacquesderrida the Poker (Demonspawn Skald)          Turns: 731, Time: 00:00:45

Health: 11/27      AC:  4    Str: 12    XL:     3   Next: 0%
Magic:  6/6        EV: 11    Int: 13    God:
Gold:   79         SH:  0    Dex: 13    Spells: 1 memorised, 5 levels left

rFire  . . .     SeeInvis .     a - +0 spear
rCold  . . .     Gourm    .     b - +0 leather armour
rNeg   . . .     Faith    .     (no shield)
rPois  .         Spirit   .     (no helmet)
rElec  .         Dismiss  .     (no cloak)
rCorr  .         Reflect  .     (no gloves)
SustAt .         Harm     .     (no boots)
MR     .....                    (no amulet)
Stlth  +.........               (no ring)
                                (no ring)

@: not resistant to hostile enchantments, very unstealthy
A: rugged brown scales 1
a: no special abilities


You were on level 2 of the Dungeon.
You were not hungry.

You visited 1 branch of the dungeon, and saw 2 of its levels.

You collected 79 gold pieces.

Inventory:

Hand Weapons
 a - a +0 spear (weapon)
Armour
 b - a +0 leather armour (worn)
Scrolls
 e - a scroll of noise {unknown}
 f - a scroll of magic mapping {unknown}
 g - a scroll of remove curse {unknown}
 i - a scroll of amnesia {unknown}
Potions
 h - a potion of haste {unknown}
Books
 c - a book of Battle

   Spells                             Type                      Level
   a - Infusion                       Charms                       1
   b - Shroud of Golubria             Charms/Translocation         2
   c - Song of Slaying                Charms                       2
   d - Spectral Weapon                Hexes/Charms                 3
   e - Regeneration                   Charms/Necromancy            3
Comestibles
 d - a bread ration
 j - a meat ration


   Skills:
 - Level 2.0 Fighting
 + Level 3.1 Polearms
 - Level 0.8 Armour
 - Level 0.8 Dodging
 - Level 2.0 Spellcasting
 - Level 2.6 Charms


You had 5 spell levels left.
You knew the following spells:

 Your Spells              Type           Power        Failure   Level  Hunger
a - Infusion              Chrm           #...         12%         1    ##.....


Dungeon Overview and Level Annotations

Branches:
Dungeon (2/15)

Altars:

Annotations:
D:2 Ijyb


Innate Abilities, Weirdness & Mutations

You are partially covered in rugged brown scales (AC +1, +3% HP).


Message History

You kill the giant gecko!
The hobgoblin throws a stone.
The stone barely misses you.
Ijyb the Twisted Goblin comes into view.
Attack whom?
Press: ? - help, Dir - move target cursor, f - hobgoblin
Aim: a hobgoblin You reach to attack!
Ijyb shouts!
You hit the hobgoblin.
The hobgoblin is almost dead.
The rat bites you.
You hit the rat.
You kill the rat!
You have reached level 3!
Your experience leads to an increase in your attributes!
Increase (S)trength, (I)ntelligence, or (D)exterity?
You feel agile.
The hobgoblin throws a stone.
The stone hits you.
A hobgoblin comes into view.
Are you sure you want to abandon this character and quit the game? (Confirm with "yes".) #... ....8#. ##... g.g.g.. #####..## ....... #.....## #...... ##†##### ..ggr ###..# Sgg

###...## .
#g####...###
#...#.@....###
#.......####
#..##.#...# #.
#..###.# #.#
... .. .(. #..
..... ..# ....
....


You could see Ijyb, 2 hobgoblins, 5 goblins, a ball python and a rat.

Vanquished Creatures
  A worm (D:2)
  A giant gecko (D:2)
  2 bats (D:1)
  A giant cockroach (D:2)
  2 goblins (D:1)
  8 jackals
  2 kobolds
  A giant newt (D:1)
  3 rats
21 creatures vanquished.

Notes
Turn   | Place    | Note
--------------------------------------------------------------
     0 | D:1      | jacquesderrida the Demonspawn Skald began the quest for the Orb.
     0 | D:1      | Reached XP level 1. HP: 16/16 MP: 3/3
    78 | D:1      | Reached skill level 2 in Polearms
   336 | D:1      | Gained mutation: You are partially covered in rugged brown scales (AC +1, +3% HP). [demonic ancestry]
   336 | D:1      | Reached XP level 2. HP: 9/22 MP: 5/5
   349 | D:1      | HP: 1/22 [jackal (2)]
   703 | D:2      | Reached skill level 3 in Polearms
   729 | D:2      | Noticed Ijyb
   730 | D:2      | Reached XP level 3. HP: 12/27 MP: 6/6
   731 | D:2      | Quit the game

Skill      XL: |  1  2 |
---------------+-------+-----
Polearms       | 2 3 |  3.1
Fighting       | |  2.0
Armour         | |  0.8
Dodging        | |  0.8
Spellcasting   | |  2.0
Charms         | |  2.6

Action                   || total
-------------------------++-------
Melee: Spear             ||   119
Armor: Leather armour    ||    35
Dodge: Dodged            ||    73
